 Dungeon Crawl Stone Soup version 0.30-a0-691-g754fce4c43 (webtiles) character file.

Game seed: 8695720754335847280

432344 Dirtsage the Stormcaller (level 23, -3/165 HPs)
             Began as an Octopode Transmuter on Jan 18, 2023.
             Was the Champion of the Shining One.
             Slain by a rockslime (40 damage)
             ... created by the Royal Jelly
             ... on level 5 of the Pits of Slime on Jan 19, 2023.
             The game lasted 02:48:07 (44134 turns).

Dirtsage the Stormcaller (Octopode Transmuter)     Turns: 44134, Time: 02:48:07

Health: -3/165     AC: 16    Str: 22    XL:     23   Next: 59%
Magic:  31/39      EV: 18    Int: 32    God:    the Shining One [******]
Gold:   4337       SH:  0    Dex: 11    Spells: 10/47 levels left

rFire   + . .      SeeInvis +    v - staff of air
rCold   + + .      Faith    .    (no shield)
rNeg    + + +      Spirit   .    Y - +0 hat {SInv}
rPois   .          Reflect  .    k - amulet of regeneration
rElec   +          Harm     .    F - ring of protection from fire
rCorr   +          Rampage  .    y - ring of willpower
Will    +++..      Clarity  +    m - +4 ring of protection
Stlth   +                        w - ring "Winotoif" {Ice rElec rCorr Str+4 SInv}
HPRegen 1.27/turn                A - ring of Muowoyn {rC+ Str+2 Int+3}
MPRegen 0.26/turn                X - ring of protection from fire
                                 c - ring of willpower
                                 T - +6 ring of intelligence

@: mighty, ice-armoured, glowing
A: almost no armour, amphibious, 8 rings, camouflage 1, gelatinous body 1,
(nimble swimmer 1), tentacles, clarity, mutation resistance 1, strong 1, no
potion heal 1
}: 3/15 runes: decaying, silver, gossamer
a: Renounce Religion, Divine Shield, Cleansing Flame, Summon Divine Warrior,
Brand Weapon With Holy Wrath


You were on level 5 of the Pits of Slime.
You worshipped the Shining One.
The Shining One was exalted by your worship.
You visited 9 branches of the dungeon, and saw 44 of its levels.
You visited 1 bazaar.
You also visited: Ossuary, Ice Cave and Volcano.

You collected 8138 gold pieces.
You spent 3801 gold pieces at shops.

Inventory:

Armour
 Y - a +0 hat of see invisible (worn)
Magical Staves
 v - a staff of air (weapon)
 K - a staff of conjuration
Jewellery
 c - a ring of willpower (on tentacle)
 k - an amulet of regeneration (around mantle)
 m - a +4 ring of protection (on tentacle)
 r - the ring of Elyvilon's Castigation {rF- rC+ Dex+6 SInv}
   (You found it on level 3 of the Elven Halls)

   [ring of protection from cold]

   Dex:       It affects your dexterity (+6).
   rF:        It makes you vulnerable to fire.
   rC:        It protects you from cold.
   SInv:      It lets you see invisible.
 s - a +4 ring of protection
 w - the ring "Winotoif" (on tentacle) {Ice rElec rCorr Str+4 SInv}
   (You found it on level 4 of the Vaults)

   [ring of ice]

   It enhances your ice magic.
   Str:       It affects your strength (+4).
   rF:        It makes you vulnerable to fire.
   rC:        It protects you from cold.
   rElec:     It insulates you from electricity.
   SInv:      It lets you see invisible.
   rCorr:     It protects you from acid and corrosion.
 y - a ring of willpower (right tentacle)
 A - the ring of Muowoyn (on tentacle) {rC+ Str+2 Int+3}
   (You acquired it on level 9 of the Dungeon)

   [ring of protection from cold]

   Str:       It affects your strength (+2).
   Int:       It affects your intelligence (+3).
   rC:        It protects you from cold.
 C - a ring of resist corrosion
 F - a ring of protection from fire (left tentacle)
 I - a ring of wizardry
 N - a ring of protection from fire
 Q - an amulet of reflection
 T - a +6 ring of intelligence (on tentacle)
 U - a +5 ring of evasion
 W - a ring of wizardry
 X - a ring of protection from fire (on tentacle)
 Z - an amulet of magic regeneration
Wands
 p - a wand of light (18)
 D - a wand of digging (9)
 E - a wand of iceblast (41)
 H - a wand of polymorph (11)
 J - a wand of paralysis (13)
Scrolls
 g - 10 scrolls of fear
 i - 26 scrolls of identify
 o - 19 scrolls of immolation
 t - 26 scrolls of teleportation
 x - 12 scrolls of fog
 B - 7 scrolls of blinking
 L - 3 scrolls of poison
 M - a scroll of brand weapon
 O - 2 scrolls of summoning
 P - 4 scrolls of magic mapping
 S - 5 scrolls of vulnerability
Potions
 a - 12 potions of lignification
 b - 10 potions of brilliance
 d - 8 potions of might
 e - 8 potions of attraction
 f - 5 potions of flight
 h - 8 potions of haste
 j - 25 potions of ambrosia
 l - 13 potions of heal wounds
 n - 7 potions of resistance
 q - 25 potions of curing
 u - 15 potions of mutation
 z - 5 potions of cancellation
 G - 2 potions of magic
 V - 5 potions of berserk rage
Miscellaneous
 R - a phantom mirror


   Skills:
 - Level 16.2 Fighting
 - Level 14.3 Dodging
 - Level 16.3 Unarmed Combat
 + Level 12.8 Spellcasting
 * Level 10.2 Conjurations
 - Level 12.8 Hexes
 - Level 17.2 Transmutations
 - Level 8.0 Ice Magic
 + Level 17.7 Air Magic
 - Level 11.6 Invocations


You had 10 spell levels left.
You knew the following spells:

 Your Spells              Type           Power      Damage    Failure   Level
a - Storm Form            Tmut/Air       57%        N/A       1%          7
b - Wereblood             Tmut           92%        N/A       0%          2
c - Freezing Cloud        Conj/Ice/Air   60%        6-21      1%          5
d - Dragon Form           Tmut           46%        N/A       1%          7
e - Beastly Appendage     Tmut           100%       N/A       0%          1
f - Arcjolt               Conj/Air       52%        1d62      1%          5
g - Enfeeble              Hex            40%        N/A       10%         7
A - Ozocubu's Armour      Ice            82%        N/A       1%          3

Your spell library contained the following spells:

 Spells                   Type           Power      Damage    Failure   Level
 Shock                    Conj/Air       100%       1d9       0%          1
 Static Discharge         Conj/Air       100%       2-7/arc   0%          2
 Swiftness                Air            100%       N/A       0%          3
 Airstrike                Air            58%        2d(9-25)  0%          4
 Foxfire                  Conj/Fire      100%       2x1d9     1%          1
 Kiss of Death            Conj/Necr      100%       2d13      1%          1
 Cigotuvi's Dreadful Rot  Necr/Pois/Air  100%       N/A       1%          2
 Passwall                 Tmut/Erth      55%        N/A       1%          2
 Poisonous Vapours        Pois/Air       100%       N/A       1%          2
 Hailstorm                Conj/Ice       87%        3d17      1%          3
 Ignite Poison            Fire/Tmut/Pois 55%        N/A       1%          3
 Inner Flame              Hex/Fire       57%        N/A       1%          3
 Mephitic Cloud           Conj/Pois/Air  88%        N/A       1%          3
 Spider Form              Tmut/Pois      66%        N/A       1%          3
 Summon Guardian Golem    Hex/Summ       57%        N/A       1%          3
 Vhi's Electric Charge    Tloc/Air       100%       N/A       1%          3
 Anguish                  Hex/Necr       28%        N/A       1%          4
 Cause Fear               Hex            40%        N/A       1%          4
 Fulminant Prism          Conj/Hex       38%        3d18      1%          4
 Ice Form                 Ice/Tmut       100%       N/A       1%          4
 Petrify                  Tmut/Erth      66%        N/A       1%          4
 Summon Lightning Spire   Summ/Air       86%        N/A       1%          4
 Alistair's Intoxication  Tmut/Pois      44%        N/A       1%          5
 Blade Hands              Tmut           46%        N/A       1%          5
 Irradiate                Conj/Tmut      41%        3d25      1%          5
 Iskenderun's Battlesphe  Conj           72%        2d12      1%          5
 Lightning Bolt           Conj/Air       52%        1d74      1%          5
 Metabolic Englaciation   Hex/Ice        46%        N/A       1%          5
 Apportation              Tloc           40%        N/A       2%          1
 Necrotise                Necr           80%        1d8       2%          1
 Summon Small Mammal      Summ           80%        N/A       2%          1
 Sticky Flame             Conj/Fire      52%        2d7       2%          4
 Call Imp                 Summ           20%        N/A       3%          2
 Sublimation of Blood     Necr           20%        N/A       3%          2
 Call Canine Familiar     Summ           20%        N/A       7%          3
 Vampiric Draining        Necr           20%        2d7       7%          3
 Fireball                 Conj/Fire      26%        3d12      8%          5
 Statue Form              Tmut/Erth      44%        N/A       11%         6
 Maxwell's Capacitive Co  Air            58%        ∞         11%         8
 Dispel Undead            Necr           20%        3d11      22%         4
 Olgreb's Toxic Radiance  Pois           20%        N/A       22%         4
 Orb of Destruction       Conj           36%        9d11      28%         7
 Iron Shot                Conj/Erth      26%        9d6       38%         6
 Starburst                Conj/Fire      26%        6d8       38%         6
 Agony                    Necr           20%        N/A       54%         5
 Borgnjor's Vile Clutch   Necr/Erth      10%        N/A       54%         5
 Simulacrum               Ice/Necr       31%        N/A       56%         6
 Ozocubu's Refrigeration  Ice            41%        4d16      58%         7
 Discord                  Hex            40%        N/A       61%         8
 Spellforged Servitor     Conj/Summ      26%        N/A       93%         7
 Death Channel            Necr           10%        N/A       98%         6
 Summon Cactus Giant      Summ           10%        N/A       98%         6
 Ignition                 Fire           10%        3d5       100%        8
 Summon Horrible Things   Summ           10%        N/A       100%        8
 Chain Lightning          Conj/Air       52%        3d70      100%        9
 Dragon's Call            Summ           10%        N/A       100%        9
 Fire Storm               Conj/Fire      26%        8d7       100%        9
 Polar Vortex             Ice            41%        N/A       100%        9
 Shatter                  Erth           10%        3d11*     100%        9
 Animate Armour           Summ/Erth      Unusable   N/A       N/A         4

Dungeon Overview and Level Annotations

Branches:
Dungeon (15/15)            Temple (1/1) D:5            Lair (5/5) D:10
  Swamp (4/4) Lair:2       Spider (4/4) Lair:3        Slime (5/5) Lair:5
    Orc (2/2) D:10            Elf (3/3) Orc:2        Vaults (5/5) D:13
  Crypt (0/3) Vaults:3     Depths (0/4) D:15        Ossuary (visited)
  IceCv (visited)         Volcano (visited)

Altars:
Ashenzari
Cheibriados
Elyvilon
Gozag
Kikubaaqudgha
Makhleb
Nemelex Xobeh
Okawaru
Qazlal
Ru
Sif Muna
Vehumet
Xom
Yredelemnul
Zin
The Shining One
Jiyva

Shops:
D:5 [   D:7 ?[?   D:15 !   Orc:1 [   Orc:2 =[!*   Elf:2 =   Elf:3 (
Vaults:2 *[([

Portals:
Pandemonium: Orc:2
Trove: D:13 (give 12 potions of heal wounds)

Annotations:
Slime:5 Royal Jelly


Innate Abilities, Weirdness & Mutations

You cannot wear most types of armour.
You are amphibious.
You can wear up to eight rings at the same time.
Your skin changes colour to match your surroundings (Stealth+).
Your rubbery body absorbs attacks. (AC +1, EV +1)
((You are camouflaged when in or above water. (Stealth+)))
You have tentacles for arms and can constrict up to eight enemies at once.
You possess an exceptional clarity of mind.
You are somewhat resistant to further mutation.
Your muscles are strong. (Str +4, Int/Dex -1)
Potions are less effective at restoring your health.


Message History

The splash of acid hits you! You resist. The Royal Jelly misses you.
The Royal Jelly completely misses you. The acid blob completely misses you.
You take 29 damage, and have 131/165 hp.
You hit the Royal Jelly!
The Royal Jelly is electrocuted!
Your tentacles burn!
You squeeze the Royal Jelly!
The Royal Jelly is heavily wounded.
The Royal Jelly shudders violently.
The Royal Jelly spits out three more jellies.
The Royal Jelly hits you!!
You are splashed with acid.
You resist.
The Royal Jelly hits you but does no damage.
The rockslime completely misses you. The acid blob closely misses you.
You take 24 damage, and have 107/165 hp.
You hit the Royal Jelly!
The Royal Jelly is electrocuted!
Your tentacles burn!
The Royal Jelly is heavily wounded.
The Royal Jelly shudders vigorously.
The Royal Jelly spits out two more jellies.
Your primal bloodlust has ended.
The Royal Jelly hits you!
You are splashed with acid.
You resist.
The Royal Jelly hits you but does no damage.
The rockslime hits you!
You hold your ground!
The acid blob hits you but does no damage.
An acid blob comes into view.
A shining eye comes into view.
The Royal Jelly hits you.
You are splashed with acid.
You resist.
The Royal Jelly hits you but does no damage.
The rockslime barely misses you.
The rockslime hits you but does no damage.
You take 29 damage, and have 78/165 hp.
You hit the Royal Jelly.
The Royal Jelly is electrocuted.
Your tentacles burn!
You squeeze the Royal Jelly!
The Royal Jelly is heavily wounded.
The acid blob hits you!!
You are splashed with acid.
You resist.
* * * LOW HITPOINT WARNING * * *
The Royal Jelly closely misses you.
The Royal Jelly hits you but does no damage.
The rockslime hits you!
* * * LOW HITPOINT WARNING * * *
You hold your ground!
Two slime creatures merge to form a very large slime creature.
The rockslime hits you!!!
You die...

.....................
.....................
.....................
.....................
.....................
.....................
.......JJJ...........
......#JJ#.#.........
..### #@######......
#JJ# #.... ##J# ...
J# ## .## J#) .###


You could see the Royal Jelly (weak), 3 acid blobs, an azure jelly, a very large
slime creature, a slime creature and 3 rockslimes.

Vanquished Creatures
  Dissolution (Slime:3)
  An ancient lich (Vaults:4)
  A dread lich (Vaults:5)
  Sojobo (Vaults:4)
  Bai Suzhen (Vaults:5)
  Frederick (Vaults:3)
  A golden dragon (Vaults:5)
  Nikola (Spider:2)
  Arachne (Spider:2)
  A bone dragon (Vaults:3)
  Zenata (Elf:2)
  3 tentacled monstrosities
  Jorgrun (D:12)
  6 titans (Vaults:5)
  3 deep elf master archers (Elf:3)
  2 quicksilver dragons (Vaults:5)
  5 acid blobs
  2 deep elf blademasters (Elf:3)
  6 sphinxes
  2 tengu reavers
  2 thorn hunters (Swamp:4)
  2 storm dragons (Vaults:5)
  2 shadow dragons (Vaults:5)
  4 rockslimes
  2 fire giants (Vaults:5)
  2 azure jellies (Slime:5)
  3 frost giants
  14 deep elf sorcerers
  3 emperor scorpions
  16 vault wardens
  3 ghost moths
  The ghost of Nissa the Tortoise, a journeyman MiFi of Okawaru (D:12)
  4 deep elf elementalists (Elf:3)
  A broodmother (shapeshifter) (Vaults:5)
  An orc warlord (Vaults:2)
  2 quicksilver oozes (Slime:5)
  6 stone giants
  4 ironbound thunderhulks
  2 very ugly things
  19 ironbound preservers
  2 war gargoyles
  A broodmother (Spider:2)
  2 eleionomae
  7 deep elf demonologists
  5 deep elf annihilators
  Nessos (Lair:5)
  20 dire elephants
  3 bunyips
  2 spark wasps (Spider:4)
  A fire dragon (D:15)
  4 entropy weavers
  Josephine (D:10)
  9 deep elf death magi
  Snorg (Lair:5)
  5 ettins (Vaults:5)
  10 yaktaur captains
  9 great orbs of eyes
  3 crystal guardians
  4 deep elf high priests
  A shambling mangrove (Swamp:3)
  31 vault guards
  3 demonspawn (Orc:2)
  3 peacekeepers
  A jorogumo (Spider:4)
  4 radroaches
  8 two-headed ogres
  19 hydras
  A merfolk avatar (Lair:5)
  7 ironbound frosthearts
  6 centaur warriors
  A tengu warrior (D:15)
  28 dancing weapons
  13 boulder beetles
  6 alligators
  An ogre mage (Orc:2)
  4 death yaks
  6 death scarabs (Spider:4)
  A vampire mage (D:15)
  7 orc high priests
  A spectral emperor scorpion (Spider:4)
  20 deep elf knights
  A soul eater (Orc:2)
  A hell knight (Volcano)
  6 pharaoh ants
  7 goliath frogs
  5 skeletal warriors (D:12)
  50 deep trolls
  4 spriggan druids
  3 bog bodies
  2 glowing orange brains
  8 steelbarb worms
  9 swamp dragons
  6 orb spiders
  6 lindwurms
  9 orc knights
  A spectral wolf spider (Spider:4)
  A steelbarb worm (shapeshifter) (Vaults:4)
  2 wizards (Vaults:1)
  20 ironbound convokers
  8 deep elf archers
  A lindwurm (shapeshifter) (Elf:2)
  3 wolf spider zombies
  A spectral jorogumo (Spider:4)
  34 deep elf zephyrmancers
  22 deep elf pyromancers
  4 harpies
  A salamander (D:15)
  2 will-o-the-wisps (Swamp:1)
  23 wolf spiders
  A shining eye (Slime:5)
  6 ugly things
  2 fauns (shapeshifter) (Vaults:5)
  6 orc sorcerers
  4 cyclopes
  A salamander (shapeshifter) (Vaults:4)
  5 manticores
  6 moths of wrath
  2 worldbinders (Elf:2)
  An ice statue (IceCv)
  A guardian serpent (shapeshifter) (Elf:2)
  Maurice (D:11)
  4 black mambas
  6 elephants
  13 vault sentinels
  2 eyes of devastation
  15 demonic crawlers
  A smoke demon (Volcano)
  7 torpor snails
  7 spectral redbacks (Spider:4)
  A molten gargoyle (Volcano)
  3 gargoyles
  4 freezing wraiths
  7 komodo dragons
  An orange demon (Orc:2)
  2 centaur skeletons (D:9)
  13 cane toads
  2 efreet
  3 rime drakes
  24 yaktaurs
  A tengu conjurer (D:15)
  A yaktaur (shapeshifter) (Vaults:5)
  An ice devil (Orc:2)
  A redback zombie (Spider:4)
  A red devil (Volcano)
  3 hellwings
  7 trolls
  10 tyrant leeches
  6 meliai
  A queen bee (Lair:4)
  17 polar bears
  11 hornets
  A spectral culicivora (Spider:4)
  A culicivora zombie (Spider:4)
  A spectral jumping spider (Spider:4)
  22 tarantellas
  A jumping spider zombie (Spider:4)
  6 blink frogs
  5 spectral tarantellas (Spider:4)
  91 slime creatures
  An air elemental (Elf:1)
  A shadow (D:11)
  30 jumping spiders
  8 wyverns
  5 spriggans
  5 water elementals
  20 culicivoras
  4 wraiths
  A fire elemental (Elf:1)
  59 yaks
  2 fire bats (Volcano)
  10 humans (D:13)
  Grum (D:9)
  4 basilisks
  3 steam dragons
  38 redbacks
  11 vampire mosquitoes
  9 wargs
  16 swamp worms
  An acid dragon (D:10)
  2 hell hounds (Volcano)
  17 water moccasins
  A floating eye (shapeshifter) (D:14)
  6 swamp drakes (Swamp:4)
  31 orc warriors
  5 ice beasts
  4 black bears
  A hornet zombie (D:8)
  4 sky beasts
  4 ogres
  32 wolves
  2 boggarts (Elf:2)
  17 centaurs
  A kobold brigand (D:8)
  4 phantoms
  5 bullfrogs
  A gnoll sergeant (D:11)
  A wyvern zombie (D:8)
  3 earth elementals
  13 wights
  32 killer bees
  3 electric eels
  7 howler monkeys
  4 lava snakes (Volcano)
  6 centaur zombies
  4 jellies
  2 hounds
  A human zombie (Ossuary)
  30 orc priests
  A gnoll bouda (D:2)
  A hell rat (D:10)
  An iguana (D:5)
  22 orc wizards
  A killer bee zombie (D:8)
  3 mummies (Ossuary)
  2 howler monkey zombies (D:8)
  11 adders
  12 gnolls
  2 river rats (D:10)
  4 shadow imps
  2 white imps
  An ufetubus (D:5)
  A worm zombie (D:8)
  2 worms (D:2)
  A dart slug (D:3)
  89 orcs
  11 endoplasms
  5 giant cockroaches
  9 goblins
  8 hobgoblins
  7 jackals
  4 quokkas
  3 ball pythons
  3 bats
  2 gnoll zombies (Ossuary)
  A jackal zombie (D:8)
  6 kobolds
  3 kobold zombies (Ossuary)
  An orc zombie (Ossuary)
  11 rats
  3 briar patches (Swamp:4)
1680 creatures vanquished.

Vanquished Creatures (collateral kills)
  Mlioglotl (Swamp:4)
  A stone giant (Vaults:5)
  A yaktaur captain (Vaults:5)
  A vault guard (Vaults:5)
  An ogre mage (Vaults:5)
  A ghost crab (Swamp:4)
  A tengu warrior (D:13)
  An obsidian statue (Vaults:4)
  3 phantasmal warriors
  An elephant (shapeshifter) (Vaults:5)
  2 swamp drakes (Swamp:4)
14 creatures vanquished.

Vanquished Creatures (others)
  A tengu reaver (Vaults:4)
  A vault guard (Vaults:4)
  A deep elf knight (Elf:2)
  A deep elf zephyrmancer (Elf:1)
  A bloated husk (Swamp:3)
  A redback (Spider:2)
  An orc priest (Orc:1)
  An orc (Orc:1)
  A briar patch (Swamp:4)
  6 foxfires (Swamp:1)
  8 fungi
  14 plants
  7 withered plants (D:9)
44 creatures vanquished.

Grand Total: 1738 creatures vanquished

Notes
Turn   | Place    | Note
-------+----------+-------------------------------------------
     0 | D:1      | Dirtsage the Octopode Transmuter began the quest for the
                  | Orb.
     0 | D:1      | Reached XP level 1. HP: 13/13 MP: 3/3
   134 | D:1      | Reached skill level 1 in Ice Magic
   134 | D:1      | Reached XP level 2. HP: 15/18 MP: 5/5
   192 | D:1      | Learned a level 2 spell: Wereblood
   487 | D:1      | You fall into a shaft and drop 1 floor!
   517 | D:2      | Reached XP level 3. HP: 22/23 MP: 4/6
  1031 | D:2      | Reached XP level 4. HP: 28/28 MP: 3/7
  1069 | D:2      | Reached XP level 5. HP: 12/33 MP: 3/8
  1927 | D:3      | Found a faded altar of an unknown god.
  2191 | D:4      | Gained mutation: You occasionally lose the ability to read
                  | scrolls when taking damage. [potion of mutation]
  2191 | D:4      | Gained mutation: Your muscles are strong. (Str +4, Int/Dex
                  | -1) [potion of mutation]
  2191 | D:4      | Gained mutation: You are dopey. (Int -2) [potion of
                  | mutation]
  2191 | D:4      | Gained mutation: Your spells are a little harder to cast,
                  | but a little more powerful. [potion of mutation]
  2201 | D:4      | Reached XP level 6. HP: 38/38 MP: 6/9
  2237 | D:4      | Lost mutation: Your spells are a little harder to cast, but
                  | a little more powerful. [potion of mutation]
  2237 | D:4      | Lost mutation: You are dopey. (Int -2) [potion of mutation]
  2237 | D:4      | Lost mutation: You occasionally lose the ability to read
                  | scrolls when taking damage. [potion of mutation]
  2237 | D:4      | Gained mutation: You possess an exceptional clarity of
                  | mind. [potion of mutation]
  2237 | D:4      | Gained mutation: You are somewhat resistant to further
                  | mutation. [potion of mutation]
  2240 | D:4      | Noticed a black bear
  2268 | D:4      | Learned a level 4 spell: Ice Form
  2453 | D:4      | Killed a black bear
  2454 | D:4      | Reached skill level 5 in Transmutations
  2625 | D:4      | Found a snail-covered altar of Cheibriados.
  2728 | D:4      | Reached XP level 7. HP: 43/43 MP: 5/10
  2882 | D:4      | Reached skill level 5 in Ice Magic
  2918 | D:4      | Found a sacrificial altar of Ru.
  2948 | D:4      | Identified a scroll of acquirement
  2950 | D:4      | Acquired 853 gold pieces
  2984 | D:5      | Entered Level 5 of the Dungeon
  2984 | D:5      | Found Imauhym's Armour Shoppe.
  3182 | D:5      | Found a glowing golden altar of the Shining One.
  3269 | D:5      | Became a worshipper of the Shining One
  3376 | D:5      | Found a shimmering blue altar of Sif Muna.
  3448 | D:5      | Found a staircase to the Ecumenical Temple.
  3456 | Temple   | Entered the Ecumenical Temple
  3527 | D:5      | Found an ancient bone altar of Kikubaaqudgha.
  3632 | D:5      | Reached XP level 8. HP: 48/48 MP: 5/11
  4153 | D:6      | Learned a level 3 spell: Ozocubu's Armour
  4907 | D:6      | Noticed a yak
  4907 | D:6      | Noticed a yak
  4909 | D:6      | Noticed a yak
  4926 | D:6      | Noticed a yak
  4939 | D:6      | Killed a yak
  4940 | D:6      | Reached skill level 1 in Hexes
  4940 | D:6      | Reached skill level 1 in Invocations
  4940 | D:6      | Reached XP level 9. HP: 54/54 MP: 1/12
  5325 | D:7      | Reached * piety under the Shining One
  5513 | D:7      | Found Coyrgh's Magic Scroll Shop.
  5562 | D:7      | Found Liamuox's Magic Scroll Emporium.
  5564 | D:7      | Found Fuhic's Armour Shop.
  5568 | D:7      | Bought a scroll of identify for 26 gold pieces
  5568 | D:7      | Bought a scroll of identify for 26 gold pieces
  5568 | D:7      | Bought a scroll of identify for 26 gold pieces
  5568 | D:7      | Bought a scroll of identify for 26 gold pieces
  5568 | D:7      | Bought a scroll of fog for 52 gold pieces
  5568 | D:7      | Bought a scroll of identify for 26 gold pieces
  5649 | D:7      | Bought a scroll of identify for 24 gold pieces
  5649 | D:7      | Bought a scroll of identify for 24 gold pieces
  5649 | D:7      | Bought a scroll of identify for 24 gold pieces
  5649 | D:7      | Bought a scroll of identify for 24 gold pieces
  5649 | D:7      | Bought a scroll of fear for 48 gold pieces
  6156 | D:7      | Reached XP level 10. HP: 65/65 MP: 8/13
  6276 | D:7      | Reached skill level 5 in Fighting
  6309 | D:7      | Found a glowing golden altar of the Shining One.
  6506 | D:8      | Found a sand-covered staircase.
  6520 | Ossuary  | Entered an ossuary
  6572 | Ossuary  | Reached skill level 5 in Unarmed Combat
  6618 | Ossuary  | Reached ** piety under the Shining One
  6975 | D:8      | Acquired the Octavo of Shocking Sculpting
  7071 | D:8      | Reached skill level 1 in Air Magic
  7092 | D:8      | Reached *** piety under the Shining One
  7307 | D:8      | Found an iron altar of Okawaru.
  8028 | D:9      | Reached XP level 11. HP: 71/72 MP: 6/16
  8041 | D:9      | Reached skill level 10 in Transmutations
  8207 | D:9      | Learned a level 7 spell: Dragon Form
  8273 | D:9      | Acquired the ring of Muowoyn {rC+ Str+2 Int+3}
  8343 | D:9      | Reached **** piety under the Shining One
  8704 | D:9      | Found a sparkling altar of Nemelex Xobeh.
  8806 | D:9      | Noticed Grum
  8833 | D:9      | Killed Grum
  9062 | D:10     | Entered Level 10 of the Dungeon
  9276 | D:10     | Noticed a death yak
  9288 | D:10     | Killed a death yak
  9295 | D:10     | Noticed a death yak
  9296 | D:10     | Noticed a death yak
  9310 | D:10     | Killed a death yak
  9312 | D:10     | Killed a death yak
  9313 | D:10     | Reached XP level 12. HP: 77/77 MP: 4/17
  9396 | D:10     | Noticed a two-headed ogre
  9404 | D:10     | Killed a two-headed ogre
  9407 | D:10     | Found a staircase to the Lair.
  9494 | D:10     | Found a broken altar of Ashenzari.
  9554 | D:10     | Reached ***** piety under the Shining One
  9679 | D:10     | Found a staircase to the Orcish Mines.
 10339 | D:11     | Noticed Maurice
 10342 | D:11     | Killed Maurice
 11131 | Lair:1   | Entered Level 1 of the Lair of Beasts
 11226 | Lair:1   | Reached skill level 5 in Air Magic
 11229 | Lair:1   | Reached skill level 5 in Dodging
 11703 | Lair:1   | Reached skill level 5 in Invocations
 12264 | Lair:2   | Found a staircase to the Swamp.
 12837 | Lair:2   | Reached XP level 13. HP: 86/86 MP: 3/18
 13046 | Lair:2   | Reached skill level 15 in Transmutations
 13269 | Lair:3   | Found a hole to the Spider Nest.
 13487 | Lair:3   | Found a dark tunnel.
 13496 | Volcano  | Entered a volcano
 13808 | Volcano  | Found a radiant altar of Vehumet.
 15453 | Lair:4   | Found a shimmering altar of Xom.
 16170 | Lair:5   | Entered Level 5 of the Lair of Beasts
 16230 | Lair:5   | Noticed Snorg
 16242 | Lair:5   | Killed Snorg
 16335 | Lair:5   | Reached skill level 5 in Spellcasting
 16335 | Lair:5   | Reached XP level 14. HP: 97/97 MP: 13/21
 16352 | Lair:5   | Noticed Nessos
 16359 | Lair:5   | Killed Nessos
 16385 | Lair:5   | Found a viscous altar of Jiyva.
 16385 | Lair:5   | Found a staircase to the Slime Pits.
 16417 | Lair:5   | Found a frozen archway.
 16430 | IceCv    | Entered an ice cave
 16482 | IceCv    | Reached ****** piety under the Shining One
 16662 | IceCv    | Noticed a frost giant
 16675 | IceCv    | Killed a frost giant
 16986 | Lair:5   | Reached skill level 10 in Fighting
 17856 | Lair:5   | Learned a level 7 spell: Storm Form
 18011 | Orc:1    | Entered Level 1 of the Orcish Mines
 18012 | Orc:1    | Paralysed by an orc sorcerer for 4 turns
 18022 | Orc:1    | Noticed Josephine
 18035 | D:10     | Killed Josephine
 18464 | Orc:1    | Found Nuabro's Antique Armour Shoppe.
 18727 | Orc:2    | Entered Level 2 of the Orcish Mines
 18743 | Orc:2    | Reached XP level 15. HP: 77/105 MP: 12/24
 18933 | Orc:2    | Found a staircase to the Elven Halls.
 19182 | Orc:2    | Found a burning altar of Makhleb.
 19260 | Orc:2    | Found Uckahen's Distillery.
 19263 | Orc:2    | Found Tithyk's General Store.
 19365 | Orc:2    | Bought a potion of curing for 36 gold pieces
 19365 | Orc:2    | Bought a potion of haste for 120 gold pieces
 19365 | Orc:2    | Bought a potion of curing for 36 gold pieces
 19367 | Orc:2    | Bought a scroll of identify for 26 gold pieces
 19367 | Orc:2    | Bought a potion of curing for 39 gold pieces
 19367 | Orc:2    | Bought a potion of resistance for 130 gold pieces
 19566 | Orc:2    | Paralysed by an orc sorcerer for 5 turns
 19582 | Orc:2    | Reached skill level 10 in Unarmed Combat
 19592 | Orc:2    | Found Seba's Jewellery Shoppe.
 19592 | Orc:2    | Found a one-way gate leading to the halls of Pandemonium.
 19592 | Orc:2    | Found Runkownu's Antique Armour Emporium.
 19598 | Orc:2    | Bought a +6 ring of intelligence for 540 gold pieces
 19598 | Orc:2    | Bought a +5 ring of evasion for 540 gold pieces
 20098 | Spider:1 | Entered Level 1 of the Spider Nest
 20305 | Spider:1 | Reached skill level 10 in Air Magic
 20309 | Spider:1 | Noticed a ghost moth
 20315 | Spider:1 | Killed a ghost moth
 20316 | Spider:1 | Reached skill level 1 in Conjurations
 21367 | Spider:2 | Reached XP level 16. HP: 106/114 MP: 26/26
 21717 | Spider:2 | Noticed Nikola
 21725 | Spider:2 | Killed Nikola
 22316 | Spider:2 | Noticed Arachne
 22327 | Spider:2 | Killed Arachne
 23215 | Spider:4 | Entered Level 4 of the Spider Nest
 23515 | Spider:4 | Reached skill level 10 in Invocations
 23772 | Spider:4 | Gained mutation: Potions are less effective at restoring
                  | your health. [mutagenic glow]
 24248 | Spider:4 | Reached XP level 17. HP: 113/121 MP: 22/28
 24498 | Spider:4 | Reached skill level 5 in Conjurations
 24502 | Spider:4 | Reached skill level 10 in Dodging
 24535 | Spider:4 | Got a gossamer rune of Zot
 24536 | Spider:4 | Identified the -2 pair of gloves of Kounweb {rF- rCorr
                  | Str+3 Dex+4}
 25025 | Spider:4 | Identified the +7 hand axe "Comuoq" {flame, Dex+4}
 25303 | Swamp:1  | Entered Level 1 of the Swamp
 25642 | Swamp:1  | Noticed a tentacled monstrosity
 25652 | Swamp:1  | Killed a tentacled monstrosity
 26149 | Swamp:2  | Found a stormy altar of Qazlal.
 26574 | Swamp:3  | Noticed a tentacled monstrosity
 26580 | Swamp:3  | Killed a tentacled monstrosity
 27264 | Swamp:4  | Entered Level 4 of the Swamp
 27326 | Swamp:4  | Reached XP level 18. HP: 128/128 MP: 30/30
 27706 | Swamp:4  | Noticed Mlioglotl
 27714 | Swamp:4  | Killed Mlioglotl
 27905 | Swamp:4  | Got a decaying rune of Zot
 28144 | Elf:1    | Entered Level 1 of the Elven Halls
 28534 | Elf:1    | Got the Folio of the Familiar
 28684 | Elf:1    | Noticed a Tzitzimitl
 28900 | Elf:1    | Saving game... please wait.
 28909 | Elf:1    | Learned a level 5 spell: Arcjolt
 29104 | Elf:1    | Found a shimmering altar of Xom.
 29138 | Elf:2    | Noticed Zenata
 29246 | Elf:1    | Found a radiant altar of Vehumet.
 29355 | Elf:2    | Found Jez Jico's Jewellery Emporium.
 29375 | Elf:2    | Killed Zenata
 29399 | Elf:2    | Found a radiant altar of Vehumet.
 29402 | Elf:2    | Bought a ring of willpower for 325 gold pieces
 29402 | Elf:2    | Bought an amulet of reflection for 390 gold pieces
 29402 | Elf:2    | Bought an amulet of regeneration for 390 gold pieces
 29477 | Elf:2    | Reached XP level 19. HP: 133/135 MP: 27/32
 29488 | Elf:2    | Found a runed translucent gate.
 29488 | Elf:2    | Found a runed translucent gate.
 29493 | Elf:2    | Found a runed translucent gate.
 30284 | Elf:2    | Got the Handbook of Leadership
 30690 | Elf:2    | Learned a level 5 spell: Freezing Cloud
 30692 | Elf:3    | Entered Level 3 of the Elven Halls
 31350 | Elf:3    | Found Buziargho's Firing Range.
 31628 | Elf:3    | Reached skill level 15 in Unarmed Combat
 31635 | Elf:3    | Reached skill level 10 in Spellcasting
 31674 | Elf:3    | Reached skill level 15 in Air Magic
 31685 | Elf:3    | Noticed an Ice Fiend
 31975 | Elf:3    | Got the Enchiridion on the Harmful Congregation
 31979 | Elf:3    | Identified the +3 scale mail of the Hidden Vale {rC+ Will+}
 31989 | Elf:3    | Identified the +6 quarterstaff of Foolhardiness {heavy,
                  | Str+3 Int+3}
 32019 | Elf:3    | Found the +3 Elemental Staff {rElec rF++ rC++ AC+5}
 32023 | Elf:3    | Identified the +2 short sword "Octopus's Bane" {pain, rElec
                  | rN+ Will- SInv}
 32028 | Elf:3    | Identified the ring of Elyvilon's Castigation {rF- rC+
                  | Dex+6 SInv}
 32032 | Elf:3    | Identified the +8 whip of Beyond {freeze, Dex+5}
 32034 | Elf:3    | Got the Spellbook of Helpful Rot
 32036 | Elf:3    | Identified the +5 morningstar of Jeduokec {spect, SInv}
 32106 | Elf:3    | Learned a level 4 spell: Summon Lightning Spire
 32218 | Elf:3    | Reached XP level 20. HP: 118/144 MP: 19/34
 32623 | D:12     | Noticed Jorgrun
 32632 | D:12     | Killed Jorgrun
 32767 | D:12     | Found a runed translucent gate.
 32767 | D:12     | Noticed Nissa's ghost (journeyman MiFi)
 32768 | D:12     | Found a runed translucent gate.
 32769 | D:12     | Found a runed translucent gate.
 32787 | D:12     | Killed Nissa's ghost
 32807 | D:12     | Identified the +7 broad axe "Roinaixa" {protect, Fragile
                  | Int+6 Dex+3 SInv}
 33265 | D:13     | Found a portal to a secret trove of treasure.
 33477 | D:13     | Found a gate to the Vaults.
 34568 | D:15     | Entered Level 15 of the Dungeon
 34937 | D:15     | Found Sohuc's Distillery.
 34974 | D:15     | Bought a potion of curing for 36 gold pieces
 34974 | D:15     | Bought 2 potions of mutation for 192 gold pieces
 34974 | D:15     | Bought a potion of might for 48 gold pieces
 34974 | D:15     | Bought a potion of cancellation for 96 gold pieces
 34974 | D:15     | Bought a potion of curing for 36 gold pieces
 35628 | D:15     | Found a staircase to the Depths.
 35770 | Vaults:1 | Entered Level 1 of the Vaults
 35815 | Vaults:1 | Found a flickering gateway to a bazaar.
 35822 | Bazaar   | Entered a bazaar
 35824 | Bazaar   | Found Butyeng's General Store.
 35828 | Bazaar   | Bought a potion of mutation for 56 gold pieces
 35828 | Bazaar   | Bought a potion of brilliance for 28 gold pieces
 35828 | Bazaar   | Bought a scroll of teleportation for 21 gold pieces
 35828 | Bazaar   | Found Vikhlyinu's Antique Armour Boutique.
 35828 | Bazaar   | Found Zutet's Book Boutique.
 35829 | Bazaar   | Found Umoerchoe's Weapon Boutique.
 35857 | Bazaar   | Bought a book of Maledictions for 390 gold pieces
 35970 | Vaults:1 | Paralysed by a great orb of eyes for 2 turns
 36716 | Vaults:1 | Reached skill level 5 in Hexes
 37193 | Vaults:2 | Reached XP level 21. HP: 150/150 MP: 35/35
 37227 | Vaults:2 | Reached skill level 15 in Fighting
 37290 | Vaults:2 | Found Jelucwo's Weapon Shoppe.
 37293 | Vaults:2 | Found Wischeneu's Armour Shoppe.
 37902 | Vaults:2 | Found Zocw's Armour Shop.
 37951 | Vaults:2 | Found Jeadanwa's Assorted Antiques.
 38508 | Vaults:2 | Found Vufavasa's Magic Scroll Emporium.
 39313 | Vaults:3 | Saving game... please wait.
 39313 | Vaults:3 | Upgraded the game from 0.30-a0-672-gc3a7216ad8 to
                  | 0.30-a0-691-g754fce4c43
 39574 | Vaults:3 | Noticed a bone dragon
 39583 | Vaults:3 | Killed a bone dragon
 39613 | Vaults:3 | Found a staircase to the Crypt.
 39886 | Vaults:3 | Noticed Frederick
 39897 | Vaults:3 | Killed Frederick
 40266 | Vaults:4 | Reached XP level 22. HP: 156/159 MP: 36/38
 40531 | Vaults:4 | Noticed Sojobo
 40551 | Vaults:4 | Killed Sojobo
 40552 | Vaults:4 | Reached skill level 10 in Hexes
 40668 | Vaults:4 | Learned a level 7 spell: Enfeeble
 40717 | Vaults:4 | Found a transporter.
 40720 | Vaults:4 | Noticed an ancient lich
 40730 | Vaults:4 | Found a transporter.
 40755 | Vaults:4 | Killed an ancient lich
 40828 | Vaults:4 | Identified the ring "Winotoif" {Ice rElec rCorr Str+4 SInv}
 41722 | Vaults:5 | Entered Level 5 of the Vaults
 41730 | Vaults:5 | Noticed a dread lich
 41746 | Vaults:5 | Killed a dread lich
 42042 | Vaults:5 | Identified the ring of Lausch {rPois rC+ Will- Str+9}
 42172 | Vaults:5 | Noticed a golden dragon
 42337 | Vaults:5 | Noticed Bai Suzhen
 42347 | Vaults:5 | Killed Bai Suzhen
 42348 | Vaults:5 | Reached XP level 23. HP: 139/165 MP: 35/39
 42465 | Vaults:5 | Identified the +3 trident of Qoxeu {freeze, Str+2}
 42476 | Vaults:5 | Identified the +4 whip "Ukhly" {heavy, rF+ rN+ Will+ Dex+3}
 42683 | Vaults:5 | Identified the +7 shortbow of Autumn {freeze, Dex+4}
 42755 | Vaults:5 | Got the Directory of Violence
 43224 | Vaults:5 | Got a silver rune of Zot
 43300 | Vaults:5 | Killed a golden dragon
 43464 | Vaults:5 | Identified the +8 bardiche of Ufasuxay {protect, *Rage
                  | Dex+2 Stlth+}
 43789 | Slime:1  | Entered Level 1 of the Pits of Slime
 43861 | Slime:3  | Noticed Dissolution
 43952 | Slime:3  | Killed Dissolution
 44064 | Slime:5  | Entered Level 5 of the Pits of Slime
 44087 | Slime:5  | Reached skill level 10 in Conjurations
 44116 | Slime:5  | Noticed the Royal Jelly
 44134 | Slime:5  | Slain by a rockslime

Illustrated notes

Levels and vault maps discovered:
D:1:      lemuel_arrival_cross, layout_loops_cross, nrook_uturn,
          chequers_garden, minmay_crystal_room
D:2:      layout_rooms, minmay_strange_pillars
D:3:      layout_loops_cross, hellmonk_ecumenical_altar_inner_sanctum,
          hangedman_decor_points, chequers_serial_rivers_small_a
D:4:      layout_rooms, mainiacjoe_overflow_swirl, kennysheep_generic_room_13
D:5:      layout_loops_ring, nicolae_kikubaaqudgha_miasma_corner,
          temple_fountains, serial_glass, glass_columns_a, glass_columns_b,
          glass_columns_a, glass_columns_a, glass_columns_b, glass_columns_a,
          glass_columns_b, glass_columns_b, glass_columns_b, glass_columns_c,
          minmay_strange_pillars, item_on_display_a, item_on_display_a,
          nicolae_stop_n_shop_1, hangedman_feature_mirror
D:6:      layout_basic
D:7:      layout_gridville, mainiacjoe_overflow_brackets,
          minmay_strange_pillars, nicolae_wooded_promenade
D:8:      layout_loops_ring, okawaru_altar_gauntlet_db, serial_undead,
          serial_undead_d, serial_undead_b, serial_undead_d, serial_undead_d,
          enter_ossuary_3, hangedman_minor_gate_pass
D:9:      cheibrodos_grave_circle, layout_small_grid,
          nemelex_spade_bored_becter, uniq_grum
D:10:     layout_roguey, mainiacjoe_overflow_catwalk, dpeg_lair_monsters,
          erik_orc_4, kennysheep_generic_room_16
D:11:     layout_loops_ring, uniq_maurice
D:12:     layout_rooms, gammafunk_ghost_hydra_chop, uniq_jorgrun
D:13:     layout_rooms, ximxim_vaults_locker_room,
          nicolae_trove_entry_free_sample, amcnicky_mini_rare_corridor_liquid
D:14:     layout_cave_pods, minmay_misc_feat_plants
D:15:     hangedman_depths_entry_try_elsewhere_first, layout_stronghold,
          serial_shops, nicolae_shop_trees, serial_glass, glass_columns_b,
          glass_columns_a, nzn_life_drinkers
Temple:   hellmonk_temple_of_storms
Lair:1:   layout_long_grid, grunt_forest_stairs_basic
Lair:2:   layout_gridlike, swamp_mist
Lair:3:   layout_loops_ring, spider_nest_entry_web_field,
          nicolae_volcano_entry_two_sided, serial_bayou_shore_b,
          grunt_megastairs_4, serial_bayou_shore_b
Lair:4:   layout_long_grid, special_room [special_room_bee],
          lemuel_centaur_altar
Lair:5:   gammafunk_lair_ancient_temple, layout_long_grid,
          nicolae_slime_entry_slimehenge, portal_ice_cave_entry_pillars_1,
          uniq_snorg, uniq_nessos
Swamp:1:  layout_basic_swamp, evilmike_swamp_ruin_house_2, swamp_pool4
Swamp:2:  layout_basic_swamp, nicolae_swamp_godswood
Swamp:3:  layout_basic_swamp, evilmike_swamp_ruin_house_5
Swamp:4:  swamp, layout_basic_swamp, uniq_mlioglotl
Spider:1: layout_cave_pods, drop_trap
Spider:2: layout_cave_pods, spiders_nest_hornet_nest, uniq_nikola, uniq_arachne
Spider:3: layout_spider_delve, hangedman_spider_tarantella_strand
Spider:4: floodkiller_spider_rune_tomb
Slime:1:  layout_caves
Slime:2:  layout_caves
Slime:3:  layout_caves, uniq_dissolution
Slime:4:  layout_caves, nicolae_slime_ancient_tower_intersection,
          cheibrodos_slime_lost_civilization_5
Slime:5
Orc:1:    layout_caves, serial_shops, shop_fountains, nicolae_orc_damp_corner,
          uniq_josephine
Orc:2:    pf_orc_diabolical, layout_caves, basic_altar, mines5_lemuel
Elf:1:    layout_geoelf_octagon, minmay_elf_demonology, lemuel_statue_altar,
          lemuel_upstairs_altar
Elf:2:    nicolae_elf_blades_splatter_lattice [nicolae_blade_entry_pointy_end],
          layout_loops_cross, basic_altar, serial_sigils,
          serial_sigils_hangedman_gnaw, serial_sigils_hangedman_snap,
          serial_sigils_hangedman_stare, serial_shops, shop,
          hangedman_research_convocations, uniq_zenata
Elf:3:    minmay_elf_hall_four_x, layout_loops_corners,
          nicolae_shop_firing_range
Vaults:1: vaults_room_grid, v_misc_12, ontoclasm_vaults_loading_screen,
          hangedman_vaults_corner_blocks, grunt_vaults_focal,
          vaults_mumra_hexcomb, layout_vaults_chaotic_city, serial_shops,
          bzr_entry_safe
Vaults:2: hangedman_vaults_maws, nicolae_vaults_arrows, grunt_vaults_twisty,
          nicolae_vaults_alarming, nicolae_vaults_asterisk, vaults_room_corners,
          v_misc_14, nicolae_vaults_network_quinsquares
          [nicolae_vaults_network_quincunx_subvault,
          nicolae_vaults_network_quincunx_subvault,
          nicolae_vaults_network_quincunx_subvault,
          nicolae_vaults_network_quincunx_subvault], nicolae_vaults_asterisk,
          layout_vaults_maze, serial_shops, nicolae_shop_advertising_works
          [nicolae_subvault_shop_adworks], nicolae_shop_behind_doors, shop,
          shop, shop
Vaults:3: minmay_crypt_entry_nasty_monster, nicolae_vaults_ring_of_whatevers,
          v_alt_pattern_2, nicolae_vaults_little_squares_6,
          ontoclasm_vaults_ring_small, vaults_standard_mumra_lines,
          vaults_dpeg_emergency_exit, v_misc_14, vaults_room_semicircle,
          nicolae_vaults_little_squares_4, layout_vaults_omnigrid,
          uniq_frederick
Vaults:4: vaults_room_semicircle, gammafunk_sealed_arena,
          ontoclasm_vaults_ring_small, nicolae_vaults_border_crossing, v_misc_8,
          nicolae_vaults_network_barrier, vaults_dpeg_ring,
          grunt_vaults_trifunnel, nicolae_vaults_circle_grid_a, v_misc_11,
          vaults_room_door_hall, nicolae_vaults_angled_halls, v_misc_14,
          v_alt_pattern_4, grunt_vaults_swirl, ontoclasm_vaults_twist,
          layout_vaults_omnicross, uniq_sojobo
Vaults:5: uniq_bai_suzhen

Skill      XL: |  1  2  3  4  5  6  7  8  9 10 11 12 13 14 15 16 17 18 19 20 21 22 23 |
---------------+----------------------------------------------------------------------+-----
Ice Magic      | 1 2 3 4 6 7 8 |  8.0
Transmutations | 3 4 5 6 8 9 13 14 15 16 17 | 17.2
Fighting       | 2 4 5 7 9 10 11 12 13 14 15 16 | 16.2
Hexes          | 1 3 5 9 12 | 12.8
Invocations    | 1 3 4 5 6 8 9 10 11 | 11.6
Dodging        | 4 5 6 7 8 9 10 11 12 13 14 | 14.3
Unarmed Combat | 4 5 6 7 9 10 12 13 14 15 16 | 16.3
Air Magic      | 4 5 6 8 10 11 12 14 15 16 17 | 17.7
Spellcasting   | 3 5 6 7 8 9 10 12 | 12.8
Conjurations   | 2 4 5 7 8 10 | 10.2

Action                   |  1- 3 |  4- 6 |  7- 9 | 10-12 | 13-15 | 16-18 | 19-21 | 22-24 || total
-------------------------+-------+-------+-------+-------+-------+-------+-------+-------++-------
Melee: Unarmed           |    58 |   127 |   206 |   605 |   669 |   707 |   732 |   349 ||  3453
       Constrict         |    17 |    25 |     1 |     2 |     1 |     4 |     1 |       ||    51
       Kick              |    15 |    24 |       |       |       |     1 |       |       ||    40
       Tentacles         |     8 |    24 |       |    15 |     1 |     5 |     3 |     4 ||    60
       Tailslap          |       |       |       |    16 |    61 |     2 |       |       ||    79
       Bite              |       |       |       |     6 |    48 |     4 |       |       ||    58
       Punch             |       |       |       |     7 |    37 |    63 |   105 |    70 ||   282
       Staff             |       |       |       |       |       |       |       |     4 ||     4
 Cast: Beastly Appendage |     7 |    14 |       |       |       |     2 |       |       ||    23
       Wereblood         |     3 |     5 |    10 |    24 |    23 |    23 |    26 |    13 ||   127
       Ice Form          |       |     6 |    31 |    37 |     9 |       |       |       ||    83
       Ozocubu's Armour  |       |       |     4 |    11 |     6 |     4 |     6 |     3 ||    34
       Dragon Form       |       |       |       |    12 |    36 |     3 |       |       ||    51
       Storm Form        |       |       |       |       |    16 |    53 |    75 |    30 ||   174
       Arcjolt           |       |       |       |       |       |     2 |     6 |     3 ||    11
       Freezing Cloud    |       |       |       |       |       |       |    23 |     7 ||    30
       Summon Lightning  |       |       |       |       |       |       |     5 |       ||     5
       Enfeeble          |       |       |       |       |       |       |       |     7 ||     7
Invok: Divine Shield     |       |       |       |       |     1 |     1 |     2 |     7 ||    11
       Summon Divine War |       |       |       |       |       |     1 |       |     2 ||     3
 Abil: Blinkbolt         |       |       |       |       |     1 |     2 |     5 |     7 ||    15
Evoke: Wand              |       |       |       |       |     3 |     4 |     1 |     1 ||     9
  Use: Potion            |       |     4 |       |       |     1 |     2 |       |     3 ||    10
       Scroll            |       |       |    14 |    10 |     6 |       |     3 |     6 ||    39
 Stab: Sleeping          |     4 |     1 |       |       |       |       |       |       ||     5
Armor: Skin              |     3 |    34 |    79 |   354 |   349 |   197 |   193 |    79 ||  1288
Dodge: Dodged            |    33 |    59 |    95 |   323 |   535 |   823 |   622 |   288 ||  2778
Block: Other             |       |       |       |       |     2 |       |    10 |    50 ||    62

Table legend: (Time is in decaauts)
 A = Elapsed time spent in this place.
 B = Non-inter-level travel time spent in this place.
 C = Inter-level travel time spent in this place.
 D = Time resting spent in this place.
 E = Time spent auto-exploring this place.
 F = Levels seen in this place.
 G = Mean time per level.
                   A        B        C        D        E       F      G
               +--------+--------+--------+--------+--------+-----+--------+
         Total |  43487 |  41303 |   2184 |    848 |  32137 |  48 |  906.0 |
       Dungeon |  14148 |  13407 |    741 |      7 |  10980 |  15 |  943.2 |
        Temple |      1 |      1 |      0 |      0 |      0 |   1 |    1.0 |
          Lair |   5943 |   5502 |    441 |    279 |   4148 |   5 | 1188.6 |
         Swamp |   2707 |   2619 |     88 |     44 |   2098 |   4 |  676.8 |
   Spider Nest |   5106 |   4813 |    293 |     72 |   3765 |   4 | 1276.5 |
    Slime Pits |    321 |    306 |     15 |     67 |     63 |   5 |   64.2 |
  Orcish Mines |   2003 |   1925 |     78 |      7 |   1545 |   2 | 1001.5 |
   Elven Halls |   4278 |   3976 |    302 |    189 |   2878 |   3 | 1426.0 |
        Vaults |   7556 |   7333 |    223 |    106 |   6026 |   5 | 1511.2 |
        Bazaar |     44 |     44 |      0 |      0 |     24 |   1 |   44.0 |
       Ossuary |    271 |    271 |      0 |      0 |    167 |   1 |  271.0 |
      Ice Cave |    523 |    523 |      0 |      0 |    276 |   1 |  523.0 |
       Volcano |    578 |    578 |      0 |     77 |    165 |   1 |  578.0 |
               +--------+--------+--------+--------+--------+-----+--------+

Top non-repeatable levels by time:
Spider:4: 1949 daAuts
   Elf:3: 1756 daAuts
Vaults:5: 1679 daAuts
Vaults:4: 1653 daAuts
  Lair:4: 1635 daAuts
Vaults:2: 1502 daAuts
   Elf:2: 1460 daAuts
Vaults:3: 1417 daAuts
Spider:2: 1325 daAuts
Vaults:1: 1304 daAuts
   Orc:2: 1294 daAuts
     D:7: 1269 daAuts
  Lair:1: 1259 daAuts
     D:6: 1259 daAuts
  Lair:5: 1241 daAuts
